 Dungeon Crawl Stone Soup version 0.17-a0-744-gaa96792 (webtiles) character file.

261 nubinia the Conjurer (level 6, -1/29 HPs)
             Began as a Vine Stalker Conjurer on Apr 21, 2015.
             Slain by an ice beast (5 damage)
             ... on level 5 of the Dungeon.
             The game lasted 00:20:51 (5025 turns).

nubinia the Conjurer (Vine Stalker Conjurer)        Turns: 5025, Time: 00:20:51

Health: -1/29      AC:  6    Str: 10    XL:     6   Next: 18%
Magic:  0/12       EV: 12    Int: 17    God:
Gold:   130        SH:  0    Dex: 15    Spells: 3 memorised, 3 levels left

rFire  . . .     SeeInvis .     v - +0 dagger (elec)
rCold  + . .     Clarity  .     a - +0 robe
rNeg   . . .     SustAb   .     (no shield)
rPois  .         Gourm    .     r - +2 helmet
rElec  .         Spirit   +     (no cloak)
rCorr  .         Warding  .     (no gloves)
rMut   .         Stasis   .     (no boots)
MR     .....                    (no amulet)
Stlth  ++........               (no ring)
                                f - ring of protection from cold

@: not resistant to hostile enchantments, unstealthy
A: fangs 2, regeneration 2, shaggy fur 1, magic shield, antimagic bite, no
device heal 3, rot immunity
a: no special abilities


You were on level 5 of the Dungeon.
You were not hungry.

You visited 1 branch of the dungeon, and saw 5 of its levels.

You collected 130 gold pieces.

Inventory:

Hand weapons
 d - a +0 short sword
 v - a +0 dagger of electrocution (weapon)
Armour
 a - a +0 robe (worn)
 h - a +0 helmet
 r - a +2 helmet (worn)
Jewellery
 f - a ring of protection from cold (left hand)
Scrolls
 i - a scroll of noise {unknown}
 k - a scroll of random uselessness {unknown}
 l - a scroll of teleportation {unknown}
 o - a scroll of amnesia {unknown}
 q - 2 scrolls of remove curse
 w - a scroll of fear {unknown}
Potions
 e - a potion of beneficial mutation {unknown}
 g - a potion of haste {unknown}
 j - a potion of brilliance {unknown}
 m - a potion of agility {unknown}
 p - a potion of curing {unknown}
 s - a potion of ambrosia
 t - a potion of mutation
Books
 b - a book of Conjurations

   Spells                             Type                      Level
   a - Magic Dart                     Conjuration                  1
   b - Searing Ray                    Conjuration                  2
   c - Dazzling Spray                 Conjuration/Hexes            3
   d - Fulminant Prism                Conjuration/Hexes            4
   e - Iskenderun's Mystic Blast      Conjuration                  4
   f - Iskenderun's Battlesphere      Conjuration/Charms           5
Comestibles
 c - 4 bread rations
 u - a meat ration
 x - 4 chunks of flesh


   Skills:
 + Level 0.3 Fighting
 + Level 0.3 Short Blades
 + Level 1.8 Dodging
 + Level 3.0 Stealth
 + Level 3.7 Spellcasting
 + Level 5.0 Conjurations
 * Level 0.4 Hexes
 + Level 3.0 Charms


You had 3 spell levels left.
You knew the following spells:

 Your Spells              Type           Power        Failure   Level  Hunger
a - Magic Dart            Conj           ###.         1%          1    None
b - Dazzling Spray        Conj/Hex       ##......     17%         3    ###....
c - Iskenderun's Battles  Conj/Chrm      ###.....     82%         5    ######.


Dungeon Overview and Level Annotations

Branches:
Dungeon (5/15)
 Temple: D:4-7

Altars:
Trog
Yredelemnul

Annotations:
D:2 Sigmund


Innate Abilities, Weirdness & Mutations

You have extremely sharp teeth.
You heal very quickly.
You are covered in fur (AC +1).
When hurt, damage is shared between your health and your magic reserves.
Your bite disrupts and absorbs the magic of your enemies.
Potions and wands cannot restore your health.
You are immune to rotting.


Message History

Aiming: Magic Dart
Press: ? - help, Shift-Dir - straight line, f/p - ice beast
Aim: an ice beast (severely wounded)
The magic dart hits the ice beast.
The ice beast is severely wounded.
The ice beast hits you but does no damage.
Unknown command.
Unknown command.
Unknown command.
Casting: Magic Dart
Confirm with . or Enter, or press ? or * to list all spells.
Aiming: Magic Dart
Press: ? - help, Shift-Dir - straight line, f/p - ice beast
Aim: an ice beast (severely wounded)
The magic dart hits the ice beast.
The ice beast is almost dead.
The ice beast hits you.
* * * LOW HITPOINT WARNING * * *
The ice beast freezes you. You resist.
You die...

##
#######...
#.........
#..........
#.@........
#..Y.......
#.........
#........$
#.........
###.#..##
(#... .#..
.


You could see an ice beast.

Vanquished Creatures
  A hound (D:4)
  2 worker ants (D:4)
  Robin (D:4)
  6 adders
  2 oozes
  5 worms
  5 orcs
  6 bats
  3 giant cockroaches
  16 goblins
  11 hobgoblins
  7 kobolds
  2 ball pythons (D:3)
  4 giant geckos
  A giant gecko skeleton (D:4)
  5 giant newts
  6 quokkas
  8 rats
91 creatures vanquished.

Notes
Turn   | Place    | Note
--------------------------------------------------------------
     0 | D:1      | nubinia, the Vine Stalker Conjurer, began the quest for the Orb.
     0 | D:1      | Reached XP level 1. HP: 9/9 MP: 4/4
   505 | D:1      | Reached XP level 2. HP: 13/13 MP: 3/6
  1091 | D:2      | Noticed Sigmund
  1585 | D:2      | Found a basalt altar of Yredelemnul.
  1653 | D:2      | Reached XP level 3. HP: 16/16 MP: 0/7
  1658 | D:2      | Learned a level 3 spell: Dazzling Spray
  2410 | D:3      | Reached XP level 4. HP: 21/21 MP: 4/9
  2734 | D:3      | Found a bloodstained altar of Trog.
  3588 | D:3      | Reached XP level 5. HP: 24/24 MP: 8/11
  3618 | D:3      | Learned a level 5 spell: Iskenderun's Battlesphere
  3847 | D:4      | Noticed Robin
  3950 | D:4      | Reached skill level 1 in Charms
  4323 | D:4      | Killed Robin
  4658 | D:4      | Gained mutation: You heal very quickly. [Vine Stalker growth]
  4658 | D:4      | Reached XP level 6. HP: 28/28 MP: 6/12
  4753 | D:4      | Reached skill level 5 in Conjurations
  4901 | D:5      | Entered Level 5 of the Dungeon
  5025 | D:5      | Slain by an ice beast

Action                   |  1- 3 |  4- 6 || total
-------------------------+-------+-------++-------
Melee: Short sword       |    24 |    61 ||    85
       Dagger            |       |    11 ||    11
 Cast: Magic Dart        |    65 |   178 ||   243
       Dazzling Spray    |       |     1 ||     1
  Use: Scroll            |       |     3 ||     3
 Stab: Sleeping          |     2 |     2 ||     4
  Eat: Chunk             |     5 |     8 ||    13
